 Dungeon Crawl Stone Soup version 0.20-a0-736-gd3249da (webtiles) character file.

170 Magnus the Conjurer (level 5, -3/28 HPs)
             Began as a Deep Elf Conjurer on Feb 23, 2017.
             Killed from afar by Sigmund (8 damage)
             ... with a puff of flame
             ... on level 3 of the Dungeon.
             The game lasted 00:10:45 (2448 turns).

Magnus the Conjurer (Deep Elf Conjurer)             Turns: 2448, Time: 00:10:46

Health: -3/28      AC:  2    Str:  5    XL:     5   Next: 25%
Magic:  1/15       EV: 13    Int: 21    God:
Gold:   48         SH:  0    Dex: 15    Spells: 1/15 levels left

rFire    . . .     SeeInvis .   (no weapon)
rCold    . . .     Gourm    .   a - +0 robe
rNeg     . . .     Faith    .   (no shield)
rPois    .         Spirit   .   (no helmet)
rElec    .         Reflect  .   (no cloak)
rCorr    .         Harm     .   (no gloves)
MR       .....                  (no boots)
Stlth    +.........             (no amulet)
Regen    0.1/turn               (no ring)
MPRegen  0.2/turn               (no ring)

@: confused
A: no striking features
a: no special abilities


You were on level 3 of the Dungeon.
You were not hungry.

You visited 1 branch of the dungeon, and saw 3 of its levels.

You collected 48 gold pieces.

Inventory:

Armour
 a - a +0 robe (worn)
 m - a +0 pair of gloves
Wands
 j - a wand of polymorph (11/24)
Scrolls
 e - a scroll of enchant weapon {unknown}
 f - a scroll of remove curse {unknown}
 g - 5 scrolls of identify {unknown}
 h - a scroll of enchant armour {unknown}
 k - a scroll of magic mapping {unknown}
Potions
 d - a potion of haste {unknown}
 i - 2 potions of mutation {unknown}
Books
 b - a book of Conjurations

   Spells                             Type                      Level
   a - Magic Dart                     Conjuration                  1
   b - Searing Ray                    Conjuration                  2
   c - Dazzling Spray                 Conjuration/Hexes            3
   d - Fulminant Prism                Conjuration/Hexes            4
   e - Force Lance                    Conjuration/Translocation    4
   f - Iskenderun's Mystic Blast      Conjuration                  4
Comestibles
 c - 2 bread rations
 l - a royal jelly
 n - 2 chunks of flesh


   Skills:
 - Level 2.4 Dodging
 - Level 2.4 Stealth
 + Level 5.6 Spellcasting
 + Level 6.0 Conjurations


You had one spell level left.
You knew the following spells:

 Your Spells              Type           Power        Failure   Level  Hunger
a - Magic Dart            Conj           ####         1%          1    None
b - Force Lance           Conj/Tloc      ###.....     34%         4    ####...
c - Dazzling Spray        Conj/Hex       ###...       12%         3    ##.....
d - Iskenderun's Mystic   Conj           ####....     12%         4    ####...
e - Searing Ray           Conj           ####..       1%          2    None


Dungeon Overview and Level Annotations

Branches:
Dungeon (3/15)

Altars:
Cheibriados

Annotations:
D:3 Robin, Sigmund


Message History

Sigmund is almost dead.
Sigmund points at you and mumbles some strange words.
The puff of flame hits you! Sigmund gestures at you while chanting.
You are confused.
You bump into the rock wall.
You're too confused to cast spells.
Unknown command.
Unknown command.
You're too confused to cast spells.
Unknown command.
You bump into the rock wall.
You bump into the rock wall.
Sigmund points at you and mumbles some strange words.
The magic dart hits you!
* * * LOW HITPOINT WARNING * * *
You bump into the rock wall.
Sigmund gestures at you while chanting. The puff of flame hits you!
You die...

..##.#
######......(.#
#.#.###...##.######.#
#.......#)##.# #.#
###.#.###...##.####
#.#
.......###........#
#.#
#..._...######.##.#
#.# #.#....## #.##.#
#.# ..###.##
#.##.###.# ### #.#
#..@.....# # #.#
####.##### # +# #@# #
.. #.## # ... #..# #
.... ## ##.# #.....
##...#.#### '.....
...........# #.....
###...#.##@#


You could see Sigmund.

Vanquished Creatures
  An orc wizard (D:3)
  7 gnolls
  2 adders (D:2)
  A worm (D:2)
  A dart slug (D:2)
  8 orcs
  4 giant cockroaches
  6 goblins
  4 hobgoblins
  A quokka (D:2)
  6 bats
  A frilled lizard (D:1)
  2 kobolds (D:1)
  4 rats
48 creatures vanquished.

Notes
Turn   | Place    | Note
-------+----------+-------------------------------------------
     0 | D:1      | Magnus the Deep Elf Conjurer began the quest for the Orb.
     0 | D:1      | Reached XP level 1. HP: 10/10 MP: 6/6
   307 | D:1      | Reached XP level 2. HP: 15/15 MP: 6/8
   994 | D:2      | Reached XP level 3. HP: 19/19 MP: 5/10
  1055 | D:2      | Reached skill level 5 in Conjurations
  1514 | D:2      | Reached XP level 4. HP: 24/24 MP: 7/12
  1520 | D:2      | Learned a level 4 spell: Force Lance
  1576 | D:2      | Learned a level 3 spell: Dazzling Spray
  1760 | D:3      | Noticed Robin
  1854 | D:3      | Reached skill level 5 in Spellcasting
  2135 | D:3      | Reached XP level 5. HP: 28/28 MP: 9/14
  2361 | D:3      | Found a snail-covered altar of Cheibriados.
  2369 | D:3      | Reached skill level 6 in Conjurations
  2383 | D:3      | Learned a level 4 spell: Iskenderun's Mystic Blast
  2386 | D:3      | Learned a level 2 spell: Searing Ray
  2421 | D:3      | Noticed Sigmund
  2448 | D:3      | Killed from afar by Sigmund

Vault maps used:
D:1:      minmay_arrival_stair_chambers
D:3:      cheibriados_altar_1, uniq_sigmund, uniq_robin

Skill      XL: |  1  2  3  4  5 |
---------------+----------------+-----
Spellcasting   | 4 5 |  5.6
Conjurations   | 5 6 |  6.0
Dodging        | |  2.4
Stealth        | |  2.4

Action                   |  1- 3 |  4- 6 || total
-------------------------+-------+-------++-------
 Cast: Magic Dart        |    68 |    58 ||   126
       Force Lance       |       |     2 ||     2
       Dazzling Spray    |       |     3 ||     3
  Eat: Chunk             |     2 |     3 ||     5
Armor: Robe              |     1 |       ||     1
Dodge: Dodged            |     8 |    16 ||    24
